 Dungeon Crawl Stone Soup version 0.21-a0-29-g43b3074 (webtiles) character file.

557 mopl the Covert (level 7, -1/60 HPs)
             Began as a Naga Assassin on May 26, 2017.
             Slain by a big kobold
             ... wielding a +0 whip
              (3 damage)
             ... in a sewer.
             The game lasted 00:07:47 (4549 turns).

mopl the Covert (Naga Assassin)                     Turns: 4549, Time: 00:07:48

Health: -1/60      AC:  4    Str: 13    XL:     7   Next: 30%
Magic:  7/7        EV:  9    Int: 11    God:
Gold:   170        SH:  0    Dex: 15    Spells: 6/6 levels left

rFire    . . .     SeeInvis +   a - +2 dagger
rCold    . . .     Gourm    .   (no shield)
rNeg     . . .     Faith    .   c - +0 robe
rPois    +         Spirit   .   (no helmet)
rElec    .         Reflect  .   d - +0 cloak
rCorr    .         Harm     .   (no gloves)
MR       .....                  (no barding)
Stlth    ++++......             (no amulet)
Regen    0.2/turn               (no ring)
MPRegen  0.1/turn               (no ring)

@: very slow
A: see invisible, deformed body, poison resistance, slowness 2, slow metabolism
1, spit poison 1, AC +2
a: Spit Poison


You were in a sewer.
You were not hungry.

You visited 1 branch of the dungeon, and saw 4 of its levels.
You also visited: Sewer.

You collected 170 gold pieces.

Inventory:

Hand Weapons
 a - a +2 dagger (weapon)
 b - a +0 blowgun
Missiles
 e - 4 poisoned needles
 f - a curare-tipped needle
Armour
 c - a +0 robe (worn)
 d - a +0 cloak (worn)
Wands
 v - a wand of flame (36/48)
Scrolls
 l - 2 scrolls of identify {unknown}
 m - a scroll of teleportation {unknown}
 n - a scroll of remove curse {unknown}
 p - a scroll of enchant weapon {unknown}
 u - a scroll of fog {unknown}
 x - a scroll of magic mapping {unknown}
Potions
 k - 2 potions of curing {unknown}
 o - a potion of flight {unknown}
 q - a potion of berserk rage {unknown}
 r - a potion of brilliance {unknown}
 s - 2 potions of ambrosia {unknown}
 w - a potion of heal wounds {unknown}
Comestibles
 g - 5 bread rations
 h - 3 royal jellies
 i - 4 fruits
 j - 2 meat rations


   Skills:
 + Level 2.0 Fighting
 + Level 4.0 Short Blades
 + Level 3.9 Throwing
 - Level 0.7 Dodging
 * Level 10.1 Stealth


You had 6 spell levels left.
You didn't know any spells.

Dungeon Overview and Level Annotations

Branches:
Dungeon (4/15)
 Temple: D:4-7

Altars:
Xom


Innate Abilities, Weirdness & Mutations

You cannot wear boots.
Your serpentine skin is tough. (AC +2)
You have supernaturally acute eyesight. (SInv)
Armour fits poorly on your strangely shaped body.
Your system is resistant to poisons. (rPois)
You cover ground very slowly.
You have a slow metabolism.
You can spit poison.


Message History

The big kobold barely misses you.
Unknown command.
Firing (i - inventory. (,) - cycle):
e - 5 poisoned needles (quivered)
Press: ? - help, Shift-Dir - straight line, f/p - big kobold
Aim: a big kobold, wielding a whip (heavily wounded, poisoned)
You shoot a poisoned needle.
The poisoned needle hits the big kobold.
The big kobold looks even sicker.
The big kobold is heavily wounded.
The big kobold hits you with a whip.
* * * LOW HITPOINT WARNING * * *
Unknown command.
a - a +2 dagger (weapon)
You hit the big kobold.
The big kobold is severely wounded.
The big kobold barely misses you.
You barely miss the big kobold.
The big kobold is severely wounded.
The big kobold hits you with a whip.
You die...

### ## ############ #∩#
##. #..≈≈....≈.###.###
#...#..≈≈≈≈..≈≈......####
....#.≈≈≈≈≈≈≈≈≈≈≈≈≈≈≈≈≈≈≈
...≈≈≈≈≈≈≈≈≈≈≈≈≈≈≈≈≈≈≈≈
#≈≈≈≈≈≈≈≈≈≈≈≈≈≈≈≈≈≈≈≈
#..≈≈≈≈.≈≈...≈...####
#(.K@≈≈..≈.#######
#########≈## #≈# #≈# #≈#
#≈# #≈# #≈# #≈#


You could see a big kobold.

Vanquished Creatures
  An ogre (D:4)
  2 orc priests (D:3)
  A bullfrog skeleton (D:4)
  A hound (D:4)
  An orc wizard (D:3)
  An iguana (D:4)
  12 adders
  4 gnolls (D:3)
  3 river rats
  2 oozes
  3 worms
  2 dart slugs
  2 leopard geckos
  13 orcs
  2 ball pythons
  6 bats
  4 giant cockroaches
  8 goblins
  7 hobgoblins
  10 jackals
  6 kobolds
  4 quokkas
  2 frilled lizards (D:1)
  11 rats
108 creatures vanquished.

Notes
Turn   | Place    | Note
-------+----------+-------------------------------------------
     0 | D:1      | mopl the Naga Assassin began the quest for the Orb.
     0 | D:1      | Reached XP level 1. HP: 19/19 MP: 1/1
    21 | D:1      | Reached skill level 2 in Throwing
    21 | D:1      | Reached skill level 6 in Stealth
   197 | D:1      | Reached XP level 2. HP: 19/26 MP: 2/2
   541 | D:1      | Reached XP level 3. HP: 25/32 MP: 3/3
   881 | D:2      | Reached skill level 7 in Stealth
   955 | D:2      | Reached XP level 4. HP: 17/39 MP: 4/4
  1175 | D:2      | Found a shimmering altar of Xom.
  1177 | D:2      | Found a shimmering altar of Xom.
  1179 | D:2      | Found a shimmering altar of Xom.
  1180 | D:2      | Found a shimmering altar of Xom.
  1180 | D:2      | Found a shimmering altar of Xom.
  1917 | D:3      | Reached XP level 5. HP: 7/45 MP: 5/5
  2193 | D:3      | Reached skill level 8 in Stealth
  2219 | D:3      | Reached skill level 3 in Short Blades
  2292 | D:3      | Reached skill level 3 in Throwing
  2768 | D:3      | Reached XP level 6. HP: 27/52 MP: 6/6
  3480 | D:3      | Reached skill level 9 in Stealth
  4051 | D:4      | Reached XP level 7. HP: 16/60 MP: 7/7
  4066 | D:4      | Reached skill level 10 in Stealth
  4113 | D:4      | Found a glowing drain.
  4144 | Sewer    | Entered a sewer
  4151 | Sewer    | Reached skill level 4 in Short Blades
  4546 | Sewer    | HP: 1/60 [big kobold/whip (5)]
  4549 | Sewer    | Slain by a big kobold

Vault maps used:
D:1:      saegor_arrival_simple_c
D:2:      xom_redecorated
D:3:      first_bread
D:4:      lightli_sewer_entry_pipes, minmay_ogre_servants, uniq_eustachio,
          uniq_blork_the_orc
Sewer:    sewer_kobolds

Skill      XL: |  1  2  3  4  5  6  7 |
---------------+----------------------+-----
Throwing       | 2 3 |  3.9
Stealth        | 6 7 8 9 10 | 10.1
Short Blades   | 3 4 |  4.0
Fighting       | |  2.0
Dodging        | |  0.7

Action                   |  1- 3 |  4- 6 |  7- 9 || total
-------------------------+-------+-------+-------++-------
Melee: Dagger            |    90 |   229 |    58 ||   377
 Fire: Blowgun           |       |    21 |    10 ||    31
 Abil: Spit Poison       |     9 |    20 |     3 ||    32
 Stab: Sleeping          |     8 |    10 |     4 ||    22
       Distracted        |     1 |     2 |       ||     3
  Eat: Chunk             |       |     9 |     2 ||    11
Armor: Robe              |    36 |    61 |    24 ||   121
Dodge: Dodged            |    53 |    97 |    35 ||   185
